Map: Torches LE

Players

KimChiLoVer - Winner!

  • Race: Terran Terran
  • League: Diamond
  • Spawn Location: 5:00

ArhutrPH

  • Race: Zerg Zerg
  • League: Diamond
  • Spawn Location: 1:00

VOD

Have the link to the VOD?

Description

Time

  • Played on: Sept. 3, 2025, 10:16 p.m.
  • Length: 14:23
Show
View Real Time Build Order
Export as new Build Order

KimChiLoVer Terran - Winner!

Build Orders: Reaper Expand, Mech 

Get SALT Encoding   

  12  0:00  SCV  
  13  0:14  SCV  
  13  0:17  Supply Depot  
  14  0:28  SCV  
  15  0:39  Barracks  
  15  0:40  SCV  
  16  0:45  Refinery  
  16  0:52  SCV  
  17  1:04  SCV  
  18  1:16  SCV  
  19  1:28  Reaper  
  19  1:31  Orbital Command  
  20  1:43  Command Center  
  20  1:52  Supply Depot  
  20  1:58  SCV  
  21  2:08  Marine  
  22  2:17  Factory  
  22  2:18  SCV  
  23  2:33  Barracks Reactor  
  23  2:35  SCV  
  24  2:48  SCV  
  25  2:55  Command Center  
  25  2:59  Orbital Command  
  25  3:04  Starport  
  25  3:08  Refinery, SCV  
  26  3:20  SCV  
  26  3:26  Barracks Tech Lab, SCV  
  28  3:28  Hellion  
  28  3:29  Supply Depot  
  28  3:31  Hellion  
  32  3:39  SCV  
  33  3:46  SCV  
  34  3:51  SCV  
  34  3:53  Supply Depot  
  34  3:54  Supply Depot  
  35  3:57  Hellion x2  
  35  3:58  SCV  
  40  4:03  SCV  
  40  4:07  Banshee  
  44  4:10  SCV  
  44  4:12  Marine  
  44  4:14  Orbital Command  
  46  4:22  SCV  
  46  4:23  Refinery  
  47  4:26  Supply Depot  
  47  4:30  Refinery, SCV  
  48  4:32  Hellion  
  50  4:39  Cloaking Field  
  50  4:46  SCV  
  50  4:51  Orbital Command  
  50  4:52  Banshee  
  51  4:58  SCV  
  55  5:01  Factory  
  55  5:03  SCV  
  55  5:04  Factory  
  56  5:10  SCV  
  56  5:12  Supply Depot  
  57  5:17  SCV  
  58  5:22  SCV  
  59  5:29  SCV  
  59  5:30  Hellion x2  
  59  5:31  Refinery  
  59  5:34  SCV  
  65  5:38  Supply Depot  
  65  5:41  SCV, Refinery  
  66  5:47  Banshee  
  66  5:48  Factory Tech Lab  
  66  5:49  Factory Tech Lab  
  69  5:53  Armory  
  69  5:54  SCV  
  69  5:56  Armory, SCV  
  69  5:57  Engineering Bay  
  71  6:03  Supply Depot  
  71  6:06  SCV  
  71  6:07  Supply Depot  
  72  6:18  SCV  
  73  6:26  Siege Tank  
  73  6:28  Siege Tank  
  73  6:30  SCV  
  80  6:38  Missile Turret x2  
  80  6:40  Missile Turret  
  80  6:41  Missile Turret, Command Center  
  80  6:42  Terran Vehicle Weapons Level 1  
  80  6:43  Terran Vehicle And Ship Armor Level 1  
  80  6:47  SCV  
  80  6:48  Missile Turret  
  80  6:50  Missile Turret  
  80  6:52  SCV  
  82  6:59  SCV  
  83  7:02  Supply Depot  
  83  7:04  SCV  
  83  7:05  Supply Depot  
  84  7:09  SCV  
  84  7:11  SCV  
  84  7:15  Thor  
  92  7:16  SCV  
  92  7:21  SCV  
  94  7:24  SCV  
  94  7:28  SCV  
  96  7:34  Missile Turret  
  96  7:36  Banshee  
  99  7:39  Thor  
  99  7:40  SCV  
  106  7:44  Factory  
  106  7:48  Factory  
  106  7:52  SCV  
  107  7:59  Hellion  
  107  8:00  Hellion  
  107  8:01  Thor  
  107  8:02  Orbital Command  
  107  8:04  SCV  
  118  8:07  Supply Depot  
  118  8:08  Supply Depot  
  118  8:17  SCV, Command Center  
  118  8:19  Banshee  
  122  8:29  SCV  
  123  8:41  SCV  
  110  8:49  Siege Tank x2  
  110  8:53  SCV  
  110  8:54  Factory Tech Lab, Factory Reactor  
  117  8:55  Infernal Pre-Igniter  
  117  8:56  Smart Servos  
  117  9:01  Terran Vehicle Weapons Level 2, Neosteel Armor  
  117  9:05  SCV  
  105  9:21  Siege Tank  
  105  9:22  Siege Tank  
  98  9:30  Planetary Fortress  
  87  9:44  Orbital Command  
  84  9:49  Siege Tank  
  75  9:53  Siege Tank  
  75  9:55  Siege Tank  
  81  10:12  SCV x3  
  84  10:21  Siege Tank  
  84  10:24  SCV  
  84  10:27  Siege Tank  
  91  10:29  Siege Tank  
  91  10:31  Banshee  
  91  10:32  Supply Depot  
  91  10:34  Supply Depot  
  97  10:38  Supply Depot  
  97  10:39  Supply Depot, Refinery  
  97  10:42  Refinery  
  97  10:44  Hellion x3  
  97  10:45  Hellion  
  102  10:50  Refinery  
  102  10:51  Refinery  
  102  10:53  SCV  
  102  10:54  Siege Tank  
  93  10:57  Orbital Command  
  106  10:59  Siege Tank  
  106  11:01  Siege Tank  
  112  11:05  SCV  
  112  11:06  Hellion x4  
  112  11:11  Factory  
  121  11:13  Factory  
  121  11:16  Factory  
  121  11:17  Terran Vehicle And Ship Armor Level 2, SCV  
  122  11:19  Terran Vehicle Weapons Level 3  
  122  11:26  Hellion  
  122  11:27  Hellion x4  
  122  11:29  SCV  
  122  11:31  Siege Tank  
  136  11:33  Hyperflight Rotors, Hellion  
  136  11:35  Missile Turret  
  136  11:37  SCV  
  139  11:42  Command Center  
  139  11:47  Widow Mine  
  139  11:48  Widow Mine  
  139  11:49  Hellion x2, Widow Mine  
  139  11:50  Drilling Claws, SCV  
  139  11:52  Banshee  
  153  11:54  Hellion  
  155  12:02  SCV  
  156  12:12  Refinery  
  156  12:14  SCV  
  156  12:15  Missile Turret  
  157  12:21  SCV  
  158  12:24  Missile Turret  
  158  12:26  SCV  
  158  12:27  Sensor Tower  
  159  12:30  Siege Tank  
  159  12:31  Factory Tech Lab x2  
  159  12:33  SCV, Factory Tech Lab  
  159  12:35  Refinery  
  163  12:43  Widow Mine, Siege Tank x2  
  174  12:44  Raven  
  174  12:45  SCV  
  169  13:03  Siege Tank  
  152  13:15  Siege Tank x2  
  152  13:16  Hellion, Siege Tank x3  
  152  13:17  Hellion x3  
  140  13:35  Hellion  
  140  13:38  Hellion x4  
  150  13:47  Siege Tank  
  150  13:48  Hellion x2, Siege Tank  
  160  13:52  Hellion  
  160  13:55  Orbital Command  
  162  13:56  Hellion  
  162  13:59  Hellion x2  
  168  14:10  SCV x3  
Show
View Real Time Build Order
Export as new Build Order

ArhutrPH Zerg 

Build Orders: Hatch First 

Get SALT Encoding   

  12  0:00  Drone  
  13  0:12  Overlord  
  13  0:17  Drone  
  14  0:31  Drone x2  
  16  0:50  Hatchery  
  16  0:53  Drone  
  16  0:56  Drone  
  17  1:00  Drone  
  18  1:10  Extractor  
  17  1:16  Spawning Pool  
  16  1:19  Drone  
  16  1:22  Drone  
  18  1:29  Drone  
  19  1:41  Overlord  
  19  1:51  Drone  
  20  2:03  Queen x2  
  20  2:04  Zergling x2  
  25  2:18  Drone x3  
  28  2:24  Drone x2  
  30  2:41  Hatchery  
  29  2:48  Drone x3  
  29  2:49  Overlord  
  32  2:55  Drone  
  32  2:57  Drone  
  34  3:05  Queen  
  36  3:11  Overlord  
  36  3:14  Drone  
  36  3:18  Lair  
  37  3:25  Roach Warren  
  36  3:29  Drone  
  36  3:30  Evolution Chamber  
  36  3:33  Drone x2  
  38  3:36  Drone  
  38  3:38  Drone  
  38  3:41  Drone  
  41  3:48  Metabolic Boost  
  41  3:54  Drone x4  
  45  3:57  Overlord  
  45  4:08  Drone x3  
  48  4:11  Drone  
  48  4:12  Queen  
  48  4:14  Overlord  
  51  4:19  Zerg Missile Weapons Level 1  
  51  4:25  Extractor  
  51  4:27  Drone, Extractor  
  51  4:28  Drone x4  
  51  4:29  Drone  
  55  4:31  Drone  
  55  4:32  Drone  
  57  4:40  Roach x3  
  57  4:43  Overseer  
  63  4:49  Roach x3  
  63  4:52  Roach  
  71  4:54  Roach  
  71  4:57  Drone  
  71  4:58  Overlord  
  74  5:10  Overlord x3  
  74  5:18  Glial Reconstitution  
  74  5:20  Roach x3  
  74  5:21  Roach  
  82  5:31  Roach x4  
  82  5:33  Zergling x4  
  82  5:34  Zergling x6  
  95  5:38  Overlord x2  
  95  5:42  Spore Crawler  
  94  5:44  Spore Crawler  
  94  5:46  Spore Crawler  
  94  5:48  Drone  
  94  5:49  Drone x3  
  96  5:50  Drone  
  96  5:52  Drone  
  96  5:56  Hydralisk Den  
  97  5:58  Roach  
  97  5:59  Roach  
  97  6:01  Roach  
  97  6:03  Drone  
  105  6:04  Drone  
  105  6:06  Drone  
  105  6:07  Drone  
  107  6:14  Roach x2  
  107  6:17  Zerg Ground Armor Level 1  
  111  6:25  Hydralisk  
  111  6:31  Drone, Extractor  
  111  6:32  Drone  
  114  6:33  Overlord  
  114  6:36  Overlord x2  
  114  6:37  Grooved Spines  
  114  6:52  Hydralisk x3  
  114  6:53  Hatchery  
  119  6:54  Roach  
  121  7:03  Hydralisk x2  
  121  7:04  Zergling x2  
  126  7:10  Evolution Chamber  
  125  7:18  Queen  
  125  7:19  Overlord, Queen  
  125  7:20  Overlord  
  125  7:22  Hydralisk x4  
  131  7:24  Overlord, Zergling x2  
  138  7:43  Zerg Missile Weapons Level 2  
  138  7:45  Hydralisk x2  
  138  7:46  Zergling x2  
  138  7:47  Zergling x14  
  150  7:54  Hydralisk x2  
  150  7:55  Zergling x2  
  150  7:56  Zergling x8  
  153  8:14  Roach  
  153  8:15  Roach x6  
  153  8:17  Overlord x2  
  166  8:28  Zerg Ground Armor Level 2  
  166  8:33  Overlord x2  
  152  8:49  Drone x3  
  152  8:50  Drone x9  
  164  8:56  Drone  
  163  9:08  Zergling x6  
  163  9:09  Zergling x2  
  141  9:33  Overseer  
  141  9:34  Overseer x3  
  141  9:35  Zergling x2  
  141  9:36  Zergling x36  
  124  9:49  Hydralisk x2  
  124  9:50  Hydralisk x2  
  101  9:59  Pneumatized Carapace  
  101  10:01  Roach x4  
  101  10:05  Muscular Augments  
  109  10:07  Infestation Pit  
  109  10:11  Roach x4  
  117  10:21  Drone x4  
  117  10:23  Drone  
  117  10:24  Drone x5  
  117  10:26  Roach x3  
  123  10:43  Roach  
  123  10:44  Roach x6  
  123  10:45  Roach  
  126  10:52  Zerg Melee Weapons Level 1  
  126  10:53  Hive  
  126  10:55  Zergling x16  
  126  10:56  Zergling x10  
  139  11:01  Drone  
  139  11:02  Drone x2  
  142  11:05  Hydralisk  
  146  11:11  Roach x3  
  146  11:18  Roach  
  152  11:24  Roach x6  
  152  11:25  Roach x5  
  174  11:27  Roach  
  174  11:29  Zergling x2  
  174  11:30  Zergling x4  
  179  11:42  Zergling x4  
  179  11:43  Zergling x4  
  179  11:47  Overlord  
  183  11:49  Zergling x2  
  183  11:50  Zergling x16  
  192  12:11  Hatchery  
  191  12:17  Zergling x2  
  191  12:18  Zergling x16  
  168  13:15  Roach  
  168  13:16  Roach x8  
  168  13:17  Roach x13  
  160  13:20  Unknown  
  160  13:22  Roach x6  
  160  13:23  Roach x11  
  150  13:29  Hydralisk x2  
  154  13:41  Zergling x6  
  156  13:44  Zergling x2  
  156  13:45  Zergling x16  
  165  13:55  Ravager x4  
  161  13:57  Zergling x4  
  161  13:58  Zergling x2  
  161  14:00  Zergling x2  
  161  14:04  Zergling x2  
Tags
 
Add a new tag
Caveats
  • Supply blocks, unpowered buildings, or Contaminate may cause inaccurate times.
  • Supply counts are checked every 10 seconds.